AoeStats
← Chasqui

Arena

510010003Analyzed
1v1 RM · 4d ago on Sep 29, 2026· 56m 20s· 2 players
Game mode
Random Map
Map size
Tiny (2 player)
Population
200
Speed
Normal
Resources
Standard
Victory
Conquest
Starting age
Dark Age
Ending age
Imperial Age
RankedLock teamsTeams togetherTeam positionsShared explorationLock speedFull tech treeHidden civsTurbo modeCheats
Victory
Defeat
🇨🇦 Franks · Canada
596
+11
🇦🇷 Britons · Argentina
489
-11
Chasqui
10:28 Feudal Age
11:30 Double-Bit Axe
11:27 Horse Collar
11:47 Gold Mining
12:53 Wheelbarrow
19:39 Castle Age
19:43 Crossbowman
19:53 Pikeman
21:17 Hand Cart
21:05 Heavy Plow
21:20 Bow Saw
21:52 Gold Shaft Mining
21:51 Husbandry
24:24 Fletching
30:35 Imperial Age
29:23 Town Watch
30:11 Scale Mail Armor
31:01 Town Patrol
30:29 Elite Skirmisher
30:49 Cavalier
32:10 Chain Mail Armor
31:48 Gambesons
32:33 Stone Mining
33:53 Plate Mail Armor
33:20 Bodkin Arrow
33:26 Padded Archer Armor
33:45 Halberdier
34:33 Warwolf
33:57 Halberdier
36:15 Two-Man Saw
36:12 Bracer
37:32 Forging
37:40 Leather Archer Armor
37:32 Scale Barding Armor
38:12 Squires
39:49 Hoardings
42:07 Chain Barding Armor
42:23 Iron Casting
42:22 Ring Archer Armor
42:17 Ballistics
41:55 Murder Holes
42:13 Fortified Wall
43:08 Chemistry
44:36 Yeomen
53:47 Murder Holes
KingMidas57
10:39 Feudal Age
12:30 Double-Bit Axe
17:27 Castle Age
17:52 Forging
17:51 Scale Barding Armor
19:47 Wheelbarrow
22:42 Bow Saw
24:11 Gold Mining
24:12 Stone Mining
25:59 Fletching
26:10 Padded Archer Armor
28:43 Forging
28:54 Chain Barding Armor
28:30 Bodkin Arrow
28:50 Leather Archer Armor
28:13 Elite Skirmisher
30:03 Husbandry
35:30 Imperial Age
34:47 Hand Cart
34:18 Town Watch
35:42 Cavalier
38:02 Plate Barding Armor
39:19 Ballistics
40:01 Chemistry
39:57 Chivalry
40:19 Conscription
40:25 Conscription
40:56 Gold Shaft Mining
40:26 Town Patrol
40:14 Loom
45:59 Iron Casting
48:09 Blast Furnace
51:47 Paladin
Connection lost

Rejoining the realm…

Still unreachable

The connection could not be restored.

Session expired

The server has moved on; the page needs a fresh start.